 Dungeon Crawl Stone Soup version 0.16-a0-3708-g05dc7d7 (webtiles) character file.

4 vatarom the Caller (level 1, -1/13 HPs)
             Began as a Mummy Summoner on Jan 19, 2015.
             Slain by a giant gecko (2 damage)
             ... on level 1 of the Dungeon.
             The game lasted 00:01:40 (480 turns).

vatarom the Caller (Mummy Summoner)                  Turns: 480, Time: 00:01:40

Health: -1/13      AC:  2    Str: 11    XL:     1   Next: 50%
Magic:  0/3        EV: 12    Int: 14    God:
Gold:   13         SH:  0    Dex: 12    Spells: 1 memorised, 3 levels left

rFire  x . .     SeeInvis .     d - +0 dagger
rCold  + . .     Clarity  .     a - +0 robe
rNeg   + + +     SustAb   .     (no shield)
rPois  ∞         Gourm    .     (no helmet)
rElec  .         Spirit   .     (no cloak)
rCorr  .         Warding  .     (no gloves)
rMut   .         Stasis   .     (no boots)
MR     .....                    (no amulet)
Stlth  ++........               (no ring)
                                (no ring)

@: not resistant to hostile enchantments, unstealthy
A: no food or potions, fire vulnerability, restore body, cold resistance 1,
negative energy resistance 3, poison resistance, torment resistance, unbreathing
a: no special abilities


You were on level 1 of the Dungeon.
You were not hungry.

You visited 1 branch of the dungeon, and saw 1 of its levels.

You collected 13 gold pieces.

Inventory:

Hand weapons
 d - a +0 dagger (weapon)
Armour
 a - a +0 robe (worn)
Scrolls
 c - a scroll of enchant weapon {unknown}
Books
 b - a book of Callings

   Spells                             Type                      Level
   a - Summon Small Mammal            Summoning                    1
   b - Call Imp                       Summoning                    2
   c - Call Canine Familiar           Summoning                    3
   d - Summon Guardian Golem          Hexes/Summoning              4
   e - Summon Lightning Spire         Summoning/Air                4
   f - Summon Ice Beast               Ice/Summoning                4


   Skills:
 - Level 1.5 Dodging
 - Level 1.5 Stealth
 - Level 2.0 Spellcasting
 + Level 3.4 Summonings


You had 3 spell levels left.
You knew the following spells:

 Your Spells              Type           Power        Failure   Level  Hunger
a - Summon Small Mammal   Summ           ##..         10%         1    N/A

Dungeon Overview and Level Annotations

Branches:
Dungeon (1/15)

Altars:


Innate Abilities, Weirdness & Mutations

You do not eat or drink.
Your flesh is vulnerable to fire.
Your flesh is cold resistant.
You are immune to negative energy.
Your system is resistant to poisons.
You are immune to unholy pain and torment.
You can survive without breathing.


Message History

The giant gecko bites your bat.
Your bat hits the giant gecko but does no damage.
Unknown command.
Your bat hits the giant gecko but does no damage.
Your bat misses the giant gecko. Your bat misses the giant gecko.
Your bat closely misses the giant gecko.
The giant gecko bites you but does no damage.
Your bat completely misses the giant gecko.
Casting: Summon Small Mammal
Confirm with . or Enter, or press ? or * to list all spells.
Your bat hits the giant gecko but does no damage.
Your bat barely misses the giant gecko.
Your bat hits the giant gecko.
Your bat hits the giant gecko but does no damage.
Your bat closely misses the giant gecko.
The giant gecko misses you.
Your bat misses the giant gecko. Your bat hits the giant gecko. x2
Your bat barely misses the giant gecko.
Your bat misses the giant gecko. The giant gecko bites you.
You die...

..#.##.#######.##
#.#.##........(.#
..[##..######.## #..##..#
#.# ##.###..##..# #.#
........>.#.b# #.#
.###.####.##rb#### #.#
..............l..###.######
..#............@.....÷....#
#...###.###..)..........#
#.. #.# #.######.###..# #.
#.# #.# #.# #..# # #.# #.#
#.# #..# #.# #.# #.# #..#
#.# #.# #.# #..# #.# #.#
#.# #..# #.# #.# #..#


You could see a giant gecko, 2 friendly bats and a friendly rat.

Vanquished Creatures
  A hobgoblin (D:1)
  A bat (D:1)
2 creatures vanquished.

Vanquished Creatures (collateral kills)
  2 hobgoblins (D:1)
  A kobold (D:1)
  A rat (D:1)
4 creatures vanquished.

Vanquished Creatures (others)
  2 bats (D:1)
  3 rats (D:1)
5 creatures vanquished.

Grand Total: 11 creatures vanquished

Notes
Turn   | Place    | Note
--------------------------------------------------------------
     0 | D:1      | vatarom, the Mummy Summoner, began the quest for the Orb.
     0 | D:1      | Reached XP level 1. HP: 13/13 MP: 3/3
   480 | D:1      | Slain by a giant gecko

Action                   || total
-------------------------++-------
Melee: Unarmed           ||    17
       Dagger            ||     5
 Cast: Summon Small Mamm ||    17
